 Dungeon Crawl Stone Soup version 0.21-a0-39-g28ea6b7 (webtiles) character file.

226 KristoblXynda the Chopper (level 5, -10/38 HPs)
             Began as a Demonspawn Gladiator on June 1, 2017.
             Mangled by a mummy (15 damage)
             ... in an ossuary.
             The game lasted 00:05:21 (2410 turns).

KristoblXynda the Chopper (Demonspawn Gladiator)    Turns: 2410, Time: 00:05:22

Health: -10/38     AC: 10    Str: 14    XL:     5   Next: 69%
Magic:  5/5        EV: 12    Int: 11    God:
Gold:   196        SH:  0    Dex: 14    Spells: 4/4 levels left

rFire    . . .     SeeInvis .   a - +1 war axe
rCold    + . .     Gourm    .   (no shield)
rNeg     . . .     Faith    .   s - +0 ring mail
rPois    .         Spirit   .   c - +0 helmet
rElec    .         Reflect  .   t - +0 cloak
rCorr    .         Harm     .   (no gloves)
MR       .....                  u - +0 pair of boots
Stlth    +.........             (no amulet)
Regen    0.2/turn               i - ring of protection from cold
MPRegen  0.1/turn               (no ring)

@: marked
A: icy blue scales 1, powered by pain 1
a: no special abilities


You were in an ossuary.
You were not hungry.

You visited 1 branch of the dungeon, and saw 4 of its levels.
You also visited: Ossuary.

You collected 196 gold pieces.

Inventory:

Hand Weapons
 a - a +1 war axe (weapon)
Missiles
 d - 3 throwing nets (quivered)
Armour
 c - a +0 helmet (worn)
 s - a +0 ring mail (worn)
 t - a +0 cloak (worn)
 u - a +0 pair of boots (worn)
Jewellery
 i - a ring of protection from cold (left hand)
Scrolls
 e - a scroll of fog {unknown}
 j - a scroll of random uselessness {unknown}
 k - 2 scrolls of remove curse
 l - 2 scrolls of teleportation
 p - a scroll of noise {unknown}
Potions
 g - a potion of might
 h - a potion of mutation
 m - a potion of flight
 n - a potion of cancellation
 o - a potion of heal wounds
 q - a potion of haste
Comestibles
 b - 3 fruits
 f - a bread ration
 r - 3 meat rations


   Skills:
 - Level 2.0 Fighting
 * Level 5.0 Axes
 - Level 2.1 Throwing
 + Level 1.5 Armour
 + Level 3.4 Dodging


You had 4 spell levels left.
You didn't know any spells.

Dungeon Overview and Level Annotations

Branches:
Dungeon (4/15)
 Temple: D:4-7

Altars:
Hepliaklqana
Uskayaw
Vehumet
The Shining One


Innate Abilities, Weirdness & Mutations

You are partially covered in icy blue scales. (AC +2)
You sometimes gain a little power by taking damage.


Message History

2 zombies come into view.
You slash the jackal zombie!
You destroy the jackal zombie!
You hit the mummy.
The human zombie moves out of view.
A kobold zombie comes into view.
You hit the human zombie.
The human zombie is lightly damaged.
You hit the mummy. The human zombie hits you.
You barely miss the human zombie.
The human zombie is lightly damaged.
You barely miss the mummy. The human zombie hits you. The mummy hits you!
You completely miss the human zombie.
The human zombie is lightly damaged.
You closely miss the mummy. The human zombie hits you. The mummy hits you.
The human zombie hits you!
* * * LOW HITPOINT WARNING * * *
You hit the human zombie.
The human zombie is lightly damaged.
You barely miss the mummy. The mummy hits you!
You die...

#....................#
#....................#
#........8..8........#
#....................#
#...######^.######...#
#...# #..# #...# #...#
#..# #...#
#...#.####ZZ####Z#...#
#...#.....ZZMM@ZZ#...#
#...#......Z####Z#...#
#...#.......# #...#
#...#.......# #...#
#...#.....∩.# #...#
#...####+.... #...#
#...# #...# #...#
#...# #...# #...#
#...##############...#


You could see 2 mummies, a goblin zombie, a hobgoblin zombie, 2 kobold zombies,
2 orc zombies, an elf zombie and 2 human zombies.

Vanquished Creatures
  A crimson imp (D:3)
  A centaur zombie (Ossuary)
  A mummy (D:4)
  Robin (D:2)
  4 adders
  An ooze (D:3)
  A dart slug (D:2)
  2 leopard geckos (D:3)
  A ball python (D:3)
  6 giant cockroaches
  18 goblins
  5 hobgoblins
  5 jackals
  5 kobolds
  2 quokkas
  4 bats
  5 frilled lizards
  A goblin zombie (D:4)
  8 hobgoblin zombies (Ossuary)
  A jackal zombie (Ossuary)
  5 kobold zombies (Ossuary)
  A leopard gecko skeleton (D:3)
  8 orc zombies (Ossuary)
  11 rats
98 creatures vanquished.

Notes
Turn   | Place    | Note
-------+----------+-------------------------------------------
     0 | D:1      | KristoblXynda the Demonspawn Gladiator began the quest for the Orb.
     0 | D:1      | Reached XP level 1. HP: 16/16 MP: 1/1
   188 | D:1      | Gained mutation: You are partially covered in icy blue scales. (AC +2) [demonic ancestry]
   188 | D:1      | Reached XP level 2. HP: 20/22 MP: 2/2
   210 | D:1      | Reached skill level 3 in Axes
   502 | D:1      | Reached XP level 3. HP: 25/27 MP: 3/3
   616 | D:2      | Noticed Robin
   632 | D:2      | Killed Robin
   844 | D:2      | Reached XP level 4. HP: 15/33 MP: 4/4
  1447 | D:2      | Found a radiant altar of Vehumet.
  1447 | D:2      | Found a faded altar of an unknown god.
  1457 | D:2      | Reached skill level 1 in Armour
  1464 | D:2      | Reached skill level 4 in Axes
  1473 | D:2      | Found a glowing golden altar of the Shining One.
  1475 | D:2      | Found a faded altar of an unknown god.
  1476 | D:2      | Found a hide-covered altar of Uskayaw.
  1941 | D:3      | Found a hazy altar of Hepliaklqana.
  1945 | D:3      | Found a transporter.
  1955 | D:3      | Found a transporter.
  1979 | D:3      | Gained mutation: You sometimes gain a little power by taking damage. [demonic ancestry]
  1979 | D:3      | Reached XP level 5. HP: 35/38 MP: 5/5
  2281 | D:4      | Found a sand-covered staircase.
  2289 | Ossuary  | Entered an ossuary
  2403 | Ossuary  | Reached skill level 5 in Axes
  2410 | Ossuary  | Mangled by a mummy

Vault maps used:
D:1:      onia_arrival_larder
D:2:      chequers_temple_overflow_minitemple, corexii_corridor_pit, uniq_robin
D:3:      gammafunk_temple_overflow_arena
D:4:      temple_hall_moat, first_bread, nicolae_ossuary_entry_giza
Ossuary:  ossuary_tomb_1

Skill      XL: |  1  2  3  4  5 |
---------------+----------------+-----
Throwing       | 2 |  2.1
Axes           | 3 4 5 |  5.0
Dodging        | 3 |  3.4
Armour         | 1 |  1.5
Fighting       | |  2.0

Action                   |  1- 3 |  4- 6 || total
-------------------------+-------+-------++-------
Melee: War axe           |    79 |   128 ||   207
  Use: Scroll            |       |    14 ||    14
 Stab: Sleeping          |     2 |       ||     2
  Eat: Chunk             |       |     3 ||     3
       Meat ration       |       |     1 ||     1
Armor: Leather armour    |    45 |       ||    45
       Ring mail         |       |    80 ||    80
Dodge: Dodged            |    78 |   105 ||   183
